AoeStats
← FTP kykyrez

Scandinavia

510607023Analyzed
1v1 RM · 8h ago on Oct 1, 2026· 41m 4s· 2 players
Game mode
Random Map
Map size
Tiny (2 player)
Population
200
Speed
Normal
Resources
Standard
Victory
Conquest
Starting age
Dark Age
Ending age
Imperial Age
RankedLock teamsTeams togetherTeam positionsShared explorationLock speedFull tech treeHidden civsTurbo modeCheats
Victory
Defeat
🇷🇴 Italians · Romania
1081
+16
🇲🇽 Goths · Mexico
1091
-16
FTP kykyrez
4:58 Loom
11:15 Feudal Age
13:29 Double-Bit Axe
15:56 Castle Age
15:41 Stone Mining
19:17 Fletching
20:07 Bodkin Arrow
26:18 Bow Saw
27:07 Horse Collar
35:56 Wheelbarrow
35:54 Husbandry
35:16 Light Cavalry
36:06 Scale Barding Armor
36:38 Bloodlines
42:09 Imperial Age
41:08 Hand Cart
40:54 Gold Mining
El gato botas
0:33 Loom
10:07 Feudal Age
10:45 Double-Bit Axe
16:32 Castle Age
15:49 Horse Collar
16:20 Man-at-Arms
20:35 Fletching
38:04 Imperial Age
38:55 Sanctity
Connection lost

Rejoining the realm…

Still unreachable

The connection could not be restored.

Session expired

The server has moved on; the page needs a fresh start.